 Dungeon Crawl Stone Soup version 0.31.0-9-g3a7656b989 (webtiles) character file.

Game seed: 5342336028960096670

58 qw the Shooter (level 3, -1/18 HPs)
             Began as a Spriggan Hunter on Feb 2, 2024.
             Slain by an orc wizard
             ... wielding a +0 dagger
              (3 damage)
             ... on level 2 of the Dungeon.
             The game lasted 00:00:04 (987 turns).

qw the Shooter (Spriggan Hunter)                     Turns: 987, Time: 00:00:05

Health: -1/18      AC:  2    Str:  7    XL:     3   Next: 76%
Magic:  4/4        EV: 19    Int: 10    God:
Gold:   54         SH:  0    Dex: 20    Spells: 2/2 levels left

rFire   . . .        a - +0 shortbow
rCold   . . .        (shield currently unavailable)
rNeg    . . .        c - +0 robe
rPois   .            (helmet restricted)
rElec   .            (no cloak)
rCorr   .            (gloves unavailable)
SInv    +            (boots unavailable)
Will    .....        (no amulet)
Stlth   ++           (no ring)
HPRegen 0.23/turn    (no ring)
MPRegen 0.09/turn

%: no passive effects
@: about to teleport, very quick
A: very small, no large weapons, unfitting armour, see invisible, speed 3
a: no special abilities


You were on level 2 of the Dungeon.
You visited 1 branch of the dungeon, and saw 2 of its levels.

You collected 54 gold pieces.


Innate Abilities, Weirdness & Mutations

You are very small and have problems with some larger weapons.
You are too small for most types of armour.
You have supernaturally acute eyesight. (SInv)
You cover ground extremely quickly. (Speed+++)


   Skills:
 - Level 1.5 Fighting
 + Level 4.9 Ranged Weapons
 - Level 4.0 Dodging
 - Level 1.5 Stealth


You had 2 spell levels left.
You didn't know any spells.
Your spell library was empty.

Inventory:

Hand Weapons
 a - a +0 shortbow (weapon)
Armour
 c - a +0 robe (worn)
Scrolls
 b - a scroll of immolation {unknown}
Potions
 d - a potion of invisibility {unknown}
 e - a potion of cancellation {unknown}
 f - a potion of heal wounds {unknown}

Dungeon Overview and Level Annotations

Branches:
Dungeon (2/15)

Altars:

Shops:
D:1 ?!([(


Message History

You see here a quokka corpse.
You now have 34 gold pieces (gained 9).
You now have 44 gold pieces (gained 10).
Found a dagger.
Found an escape hatch in the ceiling.
A goblin comes into view. It is wielding a +0 club.
You shoot an arrow. The arrow hits the goblin!
You kill the goblin!
You now have 54 gold pieces (gained 10).
Things that are here:
a +0 club; a goblin corpse An orc priest and an orc wizard come into view.
You shoot an arrow.
The arrow hits the orc wizard but does no damage.
The orc wizard shouts!
An orc comes into view. It is wielding a +0 short sword. x2
You shoot an arrow. The orc shouts!
The orc priest shouts!
The arrow hits the orc wizard but does no damage.
You shoot an arrow. The arrow hits the orc wizard.
The orc wizard is moderately wounded.
The orc wizard casts a spell at you. The puff of flame hits you!
Ouch! That really hurt!
You shoot an arrow. The arrow hits the orc wizard.
The orc wizard is heavily wounded.
You shoot an arrow. The arrow barely misses the orc.
You shoot an arrow. The arrow hits the orc!
You kill the orc!
You shoot an arrow.
The arrow closely misses the orc wizard.
You shoot an arrow. The arrow barely misses the orc wizard.
The orc wizard points at you and mumbles some strange words.
The magic dart hits you!
Ouch! That really hurt!
987 ||| READING scroll of teleportation.
As you read the scroll of teleportation, it crumbles to dust.
You feel strangely unstable.
The orc wizard hits you with a +0 dagger.
You die... ## ..# ### .... ... .... .. .... .. ..# .### .# oo#

.# #o#
.# #@#
.# #.#
.## .#
#.#
..#...#
#.#
....#
#.#
##..###
#.#
.##.....
#.#
.##.#...
#.#
.#....#.
#.#


You could see an orc priest, an orc wizard and an orc.

Vanquished Creatures
  An adder (D:2)
  A dart slug (D:1)
  An orc (D:2)
  4 ball pythons
  3 endoplasms (D:1)
  2 giant cockroaches (D:1)
  7 goblins
  4 hobgoblins
  2 jackals (D:2)
  5 kobolds
  3 quokkas
  4 bats
  A frilled lizard (D:2)
  4 rats (D:1)
42 creatures vanquished.

Notes
Turn   | Place    | Note
-------+----------+-------------------------------------------
     0 | D:1      | qw the Spriggan Hunter began the quest for the Orb.
     0 | D:1      | Reached XP level 1. HP: 10/10 MP: 2/2
     0 | D:1      | 0 ||| qw: Version: 0.3-a-155-g5e7d8dd
     0 | D:1      | 0 ||| qw: Game counter: 1930
     0 | D:1      | 0 ||| qw: Melee chars always use a shield: true
     0 | D:1      | 0 ||| qw: God list: Okawaru
     0 | D:1      | 0 ||| qw: Allow faded altars: false
     0 | D:1      | 0 ||| qw: Do Orc after clearing Dungeon:15 true
     0 | D:1      | 0 ||| qw: Do second Lair branch before Depths: true
     0 | D:1      | 0 ||| qw: Lair rune preference: random
     0 | D:1      | 0 ||| qw: Goals: Normal
     0 | D:1      | 0 ||| PLANNING D:1-11
    35 | D:1      | Reached skill level 3 in Dodging
    79 | D:1      | Reached XP level 2. HP: 14/14 MP: 3/3
   155 | D:1      | Found Kigaibbuyju's Antique Weapon Shoppe.
   165 | D:1      | 165 ||| READING scroll labelled RAPOTO FICOQUNN.
   165 | D:1      | 165 ||| IDENTIFYING scroll labelled NOUTZADEIL
   194 | D:1      | Found Jeaci's Antique Weapon Shop.
   209 | D:1      | 209 ||| READING scroll labelled KACKUN LIUNA.
   219 | D:1      | Found Naumulil's Armour Emporium.
   287 | D:1      | Found Oseqil's Distillery.
   289 | D:1      | Reached XP level 3. HP: 18/18 MP: 4/4
   297 | D:1      | 297 ||| SHOPLISTING potion of enlightenment (70 gold, have
                  | 19).
   297 | D:1      | 297 ||| SHOPLISTING potion of haste (140 gold, have 19).
   338 | D:1      | Found Geesitt's Magic Scroll Shop.
   393 | D:1      | 393 ||| SHOPLISTING scroll of acquirement (520 gold, have
                  | 19).
   393 | D:1      | 393 ||| SHOPLISTING scroll of identify (20 gold, have 19).
   511 | D:1      | You fall into a shaft and drop 1 floor!
   530 | D:2      | HP: 4/18 [ball python (3)]
   530 | D:2      | HP: 1/18 [ball python (3)]
   625 | D:2      | 625 ||| READING scroll labelled WEAN SIULUBB.
   626 | D:2      | 626 ||| READING scroll labelled IHIHA INIATOUT.
   644 | D:2      | HP: 3/18 [poisoned by an adder]
   711 | D:2      | 711 ||| READING scroll labelled DOICSA ICYIXE.
   711 | D:2      | 711 ||| ENCHANTING +0 shortbow.
   712 | D:2      | 712 ||| DROPPING scroll of butterflies.
   713 | D:2      | 713 ||| DROPPING scroll of blinking.
   714 | D:2      | 714 ||| Stepping randomly (stuck).
   715 | D:2      | 715 ||| Stepping randomly (stuck).
   716 | D:2      | 716 ||| Stepping randomly (stuck).
   717 | D:2      | 717 ||| Stepping randomly (stuck).
   718 | D:2      | 718 ||| Stepping randomly (stuck).
   719 | D:2      | 719 ||| Stepping randomly (stuck).
   720 | D:2      | 720 ||| Stepping randomly (stuck).
   721 | D:2      | 721 ||| Stepping randomly (stuck).
   722 | D:2      | 722 ||| Stepping randomly (stuck).
   723 | D:2      | 723 ||| Stepping randomly (stuck).
   986 | D:2      | HP: 1/18 [orc wizard/magic dart (9)]
   987 | D:2      | 987 ||| READING scroll of teleportation.
   987 | D:2      | Slain by an orc wizard

Levels and vault maps discovered:
D:1:      heliophobic_arrival_glass_houses, layout_basic, serial_shops, shop,
          shop, shop, shop, shop_statue, st_stairs_5
D:2:      layout_rooms

Skill      XL: |  1  2 |
---------------+-------+-----
Dodging        | 3 4 |  4.0
Fighting       | |  1.5
Ranged Weapons | |  4.9
Stealth        | |  1.5

Action                     || total
---------------------------++-------
   Fire: Shortbow          ||   104
    Use: Scroll            ||     6
 Armour: Robe              ||    20
  Dodge: Dodged            ||    37

Table legend:
 A = Non-vault XP
 B = Vault XP
 C = Vault XP percentage of total XP
 D = Non-vault monster count
 E = Vault monster count
 F = Vault count percentage of total count
                 A         B        C        D         E       F
            +---------+---------+-------+---------+---------+-------
      Total |      81 |       3 |   3.6 |      40 |       2 |   4.8
            +---------+---------+-------+---------+---------+-------
        D:1 |      44 |       3 |   6.4 |      26 |       2 |   7.1
        D:2 |      37 |       0 |   0.0 |      14 |       0 |   0.0
            +---------+---------+-------+---------+---------+-------
